[ AOE2 MATCH · #495971005 ]
UnrankedItalians vs Burgundians
Player's team · LOSS
[ REPLAY ANALYSIS · EXTRACTED FROM THE RECORDED GAME ]
Feudal
10:15
Castle
24:44
Imperial
—
| APM avg | 94.5 |
| APM peak | 145 |
| eAPM avg | 46.9 |
| Villagers / military | 76 / 56 |
Focus
⚔️ 60.1% · 🌾 39.9%
Archer ×24 · Knight ×16 · Scout Cavalry ×9 · Militia ×5 · Monk ×1 · Mangonel ×1
Feudal
8:53
Castle
23:53
Imperial
—
| APM avg | 70.5 |
| APM peak | 100 |
| eAPM avg | 25.5 |
| Villagers / military | 91 / 78 |
Focus
⚔️ 37.0% · 🌾 63.0%
Skirmisher ×53 · Flemish Militia ×14 · Monk ×8 · Archer ×1 · Knight ×1 · Scout Cavalry ×1
Match map
Initial resources + every placement click. Lines = walls · curves = elevation contours. ◆ gold · ⬟ stone · ● berries · ✦ relic · ◌ wall gap
Your base· Open — opponent sealed themselves in
_LY_Yo's base· ✓ Closed at 23:53 · 36t walls · 2 gate(s)
Smoothed initial terrain · ◌ = detected wall gap · hover for details
Inputs per minute
— Oni.Vinchester - - _LY_Yo
Build order — Oni.Vinchester
First 150 of 231 actions detected
| 0:00 | Create | Villager (Male) |
| 0:02 | Build | House |
| 0:02 | Build | House |
| 0:09 | Create | Villager (Male) |
| 0:22 | Create | Villager (Male) |
| 0:23 | Create | Villager (Male) |
| 0:23 | Create | Villager (Male) |
| 1:23 | Create | Villager (Male) |
| 1:23 | Create | Villager (Male) |
| 1:53 | Build | Lumber Camp |
| 1:57 | Create | Villager (Male) |
| 1:57 | Create | Villager (Male) |
| 2:12 | Create | Villager (Male) |
| 2:12 | Create | Villager (Male) |
| 2:12 | Create | Villager (Male) |
| 2:45 | Create | Villager (Male) |
| 2:45 | Create | Villager (Male) |
| 3:05 | Create | Villager (Male) |
| 3:06 | Create | Villager (Male) |
| 3:29 | Create | Villager (Male) |
| 3:49 | Build | House |
| 4:01 | Create | Villager (Male) |
| 4:27 | Create | Villager (Male) |
| 4:33 | Build | Barracks |
| 4:37 | Create | Villager (Male) |
| 5:00 | Build | House |
| 5:14 | Create | Villager (Male) |
| 5:24 | Create | Militia |
| 5:24 | Create | Militia |
| 5:28 | Build | House |
| 5:32 | Create | Villager (Male) |
| 6:09 | Create | Villager (Male) |
| 6:16 | Build | Mill |
| 6:29 | Create | Villager (Male) |
| 6:47 | Build | House |
| 6:58 | Create | Villager (Male) |
| 6:59 | Research | Loom |
| 7:04 | Build | Farm |
| 8:05 | Research | Feudal Age |
| 8:05 | Research | Feudal Age |
| 8:10 | Build | Mining Camp |
| 8:44 | Create | Militia |
| 9:12 | Create | Militia |
| 9:17 | Build | Farm |
| 9:26 | Build | Palisade Wall |
| 9:28 | Build | Palisade Wall |
| 9:32 | Create | Militia |
| 9:43 | Build | Palisade Wall |
| 10:08 | Create | Villager (Male) |
| 10:15 | Age | Feudal Age |
| 10:15 | Build | House |
| 10:18 | Build | Archery Range |
| 10:19 | Research | Double-Bit Axe |
| 10:22 | Research | Man-at-Arms (upgrade) |
| 10:22 | Research | Man-at-Arms (upgrade) |
| 10:27 | Create | Villager (Male) |
| 10:47 | Create | Villager (Male) |
| 10:51 | Build | Farm |
| 11:03 | Create | Archer |
| 11:11 | Build | Farm |
| 11:19 | Create | Villager (Male) |
| 11:20 | Create | Archer |
| 11:44 | Create | Villager (Male) |
| 12:04 | Create | Villager (Male) |
| 12:04 | Create | Archer |
| 12:07 | Build | Farm |
| 12:08 | Build | Farm |
| 12:58 | Create | Villager (Male) |
| 13:10 | Build | Blacksmith |
| 13:12 | Build | Farm |
| 13:14 | Create | Villager (Male) |
| 13:28 | Build | House |
| 13:30 | Build | House |
| 13:32 | Create | Villager (Male) |
| 13:48 | Build | House |
| 13:54 | Research | Fletching |
| 13:58 | Create | Archer |
| 14:06 | Build | Farm |
| 14:14 | Create | Villager (Male) |
| 14:18 | Build | Farm |
| 14:25 | Create | Archer |
| 14:26 | Create | Villager (Male) |
| 14:55 | Create | Villager (Male) |
| 14:56 | Build | Stable |
| 15:11 | Create | Archer |
| 15:15 | Create | Villager (Male) |
| 15:23 | Build | Farm |
| 15:33 | Create | Archer |
| 15:37 | Build | House |
| 15:47 | Build | Farm |
| 15:50 | Create | Scout Cavalry |
| 15:50 | Create | Scout Cavalry |
| 15:52 | Create | Villager (Male) |
| 15:59 | Create | Archer |
| 16:08 | Create | Villager (Male) |
| 16:16 | Create | Scout Cavalry |
| 16:16 | Create | Scout Cavalry |
| 16:21 | Create | Archer |
| 16:23 | Build | Farm |
| 16:28 | Build | Farm |
| 16:37 | Create | Villager (Male) |
| 16:47 | Build | Mill |
| 16:49 | Create | Villager (Male) |
| 17:16 | Create | Villager (Male) |
| 17:19 | Create | Scout Cavalry |
| 17:24 | Create | Archer |
| 17:40 | Build | Palisade Wall |
| 17:43 | Build | Palisade Wall |
| 17:44 | Build | Palisade Wall |
| 17:52 | Create | Scout Cavalry |
| 17:58 | Create | Villager (Male) |
| 18:04 | Build | House |
| 18:05 | Build | House |
| 18:12 | Build | Palisade Wall |
| 18:25 | Create | Villager (Male) |
| 18:26 | Create | Archer |
| 18:27 | Create | Scout Cavalry |
| 18:34 | Build | Farm |
| 18:36 | Research | Horse Collar |
| 18:40 | Build | Lumber Camp |
| 18:44 | Research | Forging |
| 18:54 | Create | Archer |
| 18:57 | Create | Villager (Male) |
| 19:00 | Build | Farm |
| 19:03 | Build | House |
| 19:18 | Create | Archer |
| 19:24 | Create | Scout Cavalry |
| 19:24 | Create | Villager (Male) |
| 19:27 | Build | House |
| 19:41 | Create | Archer |
| 19:50 | Create | Villager (Male) |
| 19:52 | Create | Archer |
| 20:02 | Create | Villager (Male) |
| 20:17 | Create | Villager (Male) |
| 20:18 | Build | Farm |
| 20:21 | Create | Archer |
| 20:32 | Create | Villager (Male) |
| 20:48 | Create | Villager (Male) |
| 20:58 | Build | Market |
| 21:00 | Build | Farm |
| 21:01 | Build | Farm |
| 21:04 | Create | Villager (Male) |
| 21:07 | Create | Archer |
| 21:14 | Create | Archer |
| 21:15 | Build | Farm |
| 22:00 | Build | Farm |
| 22:02 | Build | Farm |
| 22:04 | Research | Castle Age |
| 22:04 | Research | Castle Age |
| 22:11 | Build | Stable |
Build order — _LY_Yo
First 150 of 281 actions detected
| 0:00 | Create | Villager (Male) |
| 0:01 | Create | Villager (Male) |
| 0:02 | Build | House |
| 0:03 | Build | House |
| 0:14 | Create | Villager (Male) |
| 0:14 | Create | Villager (Male) |
| 1:28 | Create | Villager (Male) |
| 1:29 | Create | Villager (Male) |
| 1:59 | Create | Villager (Male) |
| 1:59 | Create | Villager (Male) |
| 2:21 | Create | Villager (Male) |
| 2:22 | Build | Lumber Camp |
| 2:40 | Create | Villager (Male) |
| 3:01 | Research | Double-Bit Axe |
| 3:12 | Create | Villager (Male) |
| 3:12 | Create | Villager (Male) |
| 3:37 | Build | House |
| 3:40 | Create | Villager (Male) |
| 3:59 | Create | Villager (Male) |
| 3:59 | Create | Villager (Male) |
| 4:17 | Create | Villager (Male) |
| 4:44 | Create | Villager (Male) |
| 4:45 | Create | Villager (Male) |
| 5:08 | Create | Villager (Male) |
| 5:10 | Build | Mill |
| 5:37 | Create | Villager (Male) |
| 6:09 | Research | Loom |
| 6:43 | Research | Feudal Age |
| 7:26 | Build | Barracks |
| 7:33 | Build | Barracks |
| 8:28 | Build | House |
| 8:39 | Create | Villager (Male) |
| 8:46 | Build | House |
| 8:48 | Build | Palisade Gate |
| 8:53 | Age | Feudal Age |
| 8:56 | Create | Villager (Male) |
| 9:08 | Create | Flemish Militia |
| 9:12 | Build | Archery Range |
| 9:14 | Build | Archery Range |
| 9:20 | Research | Bow Saw |
| 9:25 | Create | Flemish Militia |
| 9:35 | Create | Villager (Male) |
| 9:44 | Build | Mining Camp |
| 10:00 | Create | Villager (Male) |
| 10:10 | Create | Skirmisher |
| 10:14 | Create | Villager (Male) |
| 10:31 | Build | Mill |
| 10:31 | Create | Villager (Male) |
| 10:44 | Create | Skirmisher |
| 10:54 | Build | House |
| 10:57 | Build | Palisade Wall |
| 10:59 | Create | Villager (Male) |
| 11:03 | Create | Skirmisher |
| 11:18 | Research | Horse Collar |
| 11:27 | Build | Palisade Wall |
| 11:30 | Build | House |
| 11:45 | Create | Archer |
| 11:57 | Create | Villager (Male) |
| 12:01 | Build | Farm |
| 12:02 | Build | Farm |
| 12:03 | Build | Farm |
| 12:04 | Create | Villager (Male) |
| 12:24 | Build | Farm |
| 12:26 | Create | Skirmisher |
| 12:27 | Create | Villager (Male) |
| 12:39 | Build | Farm |
| 12:44 | Create | Skirmisher |
| 13:03 | Create | Villager (Male) |
| 13:12 | Create | Skirmisher |
| 13:17 | Build | House |
| 13:25 | Build | Farm |
| 13:32 | Create | Skirmisher |
| 13:36 | Create | Villager (Male) |
| 13:46 | Build | Farm |
| 13:47 | Create | Skirmisher |
| 13:59 | Build | Farm |
| 14:02 | Create | Villager (Male) |
| 14:20 | Create | Villager (Male) |
| 14:29 | Create | Villager (Male) |
| 14:31 | Build | Farm |
| 14:54 | Create | Villager (Male) |
| 14:56 | Create | Villager (Male) |
| 14:58 | Build | Blacksmith |
| 15:06 | Create | Skirmisher |
| 15:10 | Build | Farm |
| 15:14 | Build | Farm |
| 15:24 | Create | Skirmisher |
| 15:26 | Build | Farm |
| 15:32 | Build | House |
| 15:33 | Build | House |
| 15:38 | Create | Villager (Male) |
| 15:40 | Create | Skirmisher |
| 15:50 | Research | Fletching |
| 15:51 | Research | Fletching |
| 16:02 | Build | House |
| 16:03 | Create | Villager (Male) |
| 16:07 | Research | Padded Archer Armor |
| 16:08 | Research | Padded Archer Armor |
| 16:16 | Create | Flemish Militia |
| 16:16 | Create | Flemish Militia |
| 16:24 | Create | Villager (Male) |
| 16:24 | Create | Villager (Male) |
| 16:30 | Build | Farm |
| 16:33 | Build | Palisade Wall |
| 16:35 | Build | Palisade Wall |
| 16:36 | Build | Palisade Wall |
| 16:40 | Build | House |
| 16:41 | Build | Palisade Wall |
| 16:47 | Create | Villager (Male) |
| 16:52 | Create | Flemish Militia |
| 16:52 | Create | Flemish Militia |
| 16:54 | Create | Villager (Male) |
| 17:02 | Create | Villager (Male) |
| 17:06 | Build | Farm |
| 17:15 | Create | Villager (Male) |
| 17:23 | Create | Villager (Male) |
| 17:53 | Create | Villager (Male) |
| 17:54 | Create | Flemish Militia |
| 17:54 | Create | Flemish Militia |
| 17:58 | Build | Farm |
| 17:59 | Build | Farm |
| 18:05 | Research | Wheelbarrow |
| 18:11 | Build | Lumber Camp |
| 18:19 | Research | Arson |
| 18:19 | Research | Arson |
| 18:21 | Create | Skirmisher |
| 18:21 | Create | Skirmisher |
| 18:23 | Research | Scale Mail Armor |
| 18:26 | Build | Farm |
| 18:31 | Build | Market |
| 18:41 | Build | Palisade Gate |
| 18:42 | Build | House |
| 19:01 | Research | Town Watch |
| 19:01 | Research | Town Watch |
| 19:14 | Create | Skirmisher |
| 19:26 | Create | Skirmisher |
| 19:45 | Build | Palisade Wall |
| 19:47 | Build | Farm |
| 19:50 | Create | Skirmisher |
| 19:58 | Create | Villager (Male) |
| 20:02 | Build | Farm |
| 20:02 | Build | Farm |
| 20:15 | Create | Villager (Male) |
| 20:18 | Create | Skirmisher |
| 20:18 | Create | Skirmisher |
| 20:22 | Build | House |
| 20:24 | Build | House |
| 20:24 | Build | Palisade Wall |
| 20:34 | Create | Villager (Male) |
| 21:11 | Research | Castle Age |
Match timeline
| 4:33 | Oni.Vinchester · first_building Barracks |
| 7:26 | _LY_Yo · first_building Barracks |
| 8:53 | _LY_Yo · age_up feudal |
| 9:12 | _LY_Yo · first_building Archery Range |
| 9:26 | Oni.Vinchester · wall_segment Palisade Wall x1 |
| 9:28 | Oni.Vinchester · wall_segment Palisade Wall x1 |
| 9:43 | Oni.Vinchester · wall_segment Palisade Wall x6 |
| 10:15 | Oni.Vinchester · age_up feudal |
| 10:18 | Oni.Vinchester · first_building Archery Range |
| 10:57 | _LY_Yo · wall_segment Palisade Wall x12 |
| 11:27 | _LY_Yo · wall_segment Palisade Wall x1 |
| 14:56 | Oni.Vinchester · first_building Stable |
| 16:33 | _LY_Yo · wall_segment Palisade Wall x5 |
| 16:35 | _LY_Yo · wall_segment Palisade Wall x3 |
| 16:36 | _LY_Yo · wall_segment Palisade Wall x2 |
| 16:41 | _LY_Yo · wall_segment Palisade Wall x8 |
| 17:40 | Oni.Vinchester · wall_segment Palisade Wall x1 |
| 17:43 | Oni.Vinchester · wall_segment Palisade Wall x1 |
| 17:44 | Oni.Vinchester · wall_segment Palisade Wall x1 |
| 18:12 | Oni.Vinchester · wall_segment Palisade Wall x1 |
| 19:45 | _LY_Yo · wall_segment Palisade Wall x4 |
| 20:24 | _LY_Yo · wall_segment Palisade Wall x1 |
| 22:29 | Oni.Vinchester · wall_segment Palisade Wall x1 |
| 22:30 | Oni.Vinchester · wall_segment Palisade Wall x1 |
| 22:34 | Oni.Vinchester · first_market_buy 100 food |
| 22:53 | _LY_Yo · first_building Stable |
| 23:20 | Oni.Vinchester · wall_segment Palisade Wall x1 |
| 23:53 | _LY_Yo · age_up castle |
| 24:44 | Oni.Vinchester · age_up castle |
| 24:51 | Oni.Vinchester · first_building Monastery |
| 24:52 | Oni.Vinchester · first_market_sell 100 wood |
| 26:07 | _LY_Yo · first_building Monastery |
| 28:43 | Oni.Vinchester · first_building Siege Workshop |
| 31:30 | Oni.Vinchester · resign |
[ AI ANALYSIS · 1 CREDIT ]
What really happened in this match?
Wolo.gg analyzes every decision: build order, eco, micro, common mistakes by bracket. Personalized analysis on WhatsApp or Discord in 30 seconds.
Civ guide
Italians
Perfil
Jugador #271202